 Dungeon Crawl Stone Soup version 0.32-a0-599-gba8f9cf90e (webtiles) character file.

Game seed: 17415020228949325275

72 PriceMaster the Grave Robber (level 4, 0/28 (30) HPs)
             Began as a Demonspawn Necromancer on Mar 3, 2024.
             Succumbed to their own dark miasma
             ... on level 2 of the Dungeon.
             The game lasted 00:03:53 (2344 turns).

PriceMaster the Grave Robber (DsNe)                 Turns: 2344, Time: 00:03:54

HP:   0/28 (30)     AC:  4    Str:  8    XL:     4   Next: 7%
MP:   0/8           EV: 12    Int: 18    God:
Gold: 74            SH:  0    Dex: 13    Spells: 2/8 levels left

rFire   . . .        f - +0 dagger
rCold   . . .        (no shield)
rNeg    . . .        a - +0 robe
rPois   .            (no helmet)
rElec   .            (no cloak)
rCorr   .            (no gloves)
SInv    .            (no boots)
Will    .....        (no amulet)
Stlth   ++           (no ring)
HPRegen 0.24/turn    (no ring)
MPRegen 0.11/turn

%: no passive effects
@: lethally poisoned (0 -> -3), fugue, drained
A: icy blue scales 1
a: no special abilities


You were on level 2 of the Dungeon.
You visited 1 branch of the dungeon, and saw 2 of its levels.

You collected 74 gold pieces.

Inventory:

Hand Weapons
 f - a +0 dagger (weapon)
Armour
 a - a +0 robe (worn)
Scrolls
 d - a scroll of silence
 e - a scroll of torment {unknown}


   Skills:
 + Level 0.1 Fighting
 + Level 2.0 Dodging
 + Level 1.8 Stealth
 + Level 0.2 Unarmed Combat
 + Level 2.8 Spellcasting
 + Level 5.4 Necromancy


You had 2 spell levels left.
You knew the following spells:

 Your Spells              Type           Power      Damage    Failure   Level
a - Necrotise             Necr           88%        1d8       1%          1
b - Cigotuvi's Dreadful   Necr/Alch/Air  18%        N/A       12%         2
c - Fugue of the Fallen   Necr           22%        N/A       5%          3

Your spell library contained the following spells:

 Spells                   Type           Power      Damage    Failure   Level
 Vampiric Draining        Necr           22%        2d7       5%          3
 Animate Dead             Necr           22%        N/A       17%         4
 Dispel Undead            Necr           22%        3d12      17%         4
 Curse of Agony           Necr           22%        N/A       43%         5
 Ozocubu's Armour         Ice            2%         N/A       45%         3
 Martyr's Knell           Necr/Summ      12%        N/A       47%         4
 Manifold Assault         Tloc           2%         N/A       86%         4
 Death Channel            Necr           11%        N/A       95%         6


Dungeon Overview and Level Annotations

Branches:
Dungeon (2/15)

Altars:
Gozag


Innate Abilities, Weirdness & Mutations

You are partially covered in icy blue scales. (AC +2)


Message History

You feel very sick. The ribbon worm barely misses you.
Casting: Necrotise (safe; 1% risk of failure)
Confirm with . or Enter, or press ? or * to list all spells.
You don't have enough magic to cast this spell.
Unknown command.
Casting: Necrotise (safe; 1% risk of failure)
Confirm with . or Enter, or press ? or * to list all spells.
You don't have enough magic to cast this spell.
You aren't carrying any potions.
Blink to where?
Press: ? - help, Dir - move target, p - ribbon worm
As you read the scroll labelled DOSSIOGOODGH, it crumbles to dust.
It was a scroll of blinking.
* * * LOW HITPOINT WARNING * * *
You feel very sick.
As you read the scroll labelled HIUPYVVU XITZAADO, it crumbles to dust.
It is a scroll of identify.
d - a scroll of silence
* * * LOW HITPOINT WARNING * * *
You feel sick.
You aren't carrying any items that you can evoke.
You aren't carrying any potions.
You can't memorise that many levels of magic yet!
* * * LOW HITPOINT WARNING * * *
You feel sick.
There is an open door here.
Casting: Necrotise (safe; 1% risk of failure)
Confirm with . or Enter, or press ? or * to list all spells.
You don't have enough magic to cast this spell.
* * * LOW HITPOINT WARNING * * *
You feel sick.
* * * LOW HITPOINT WARNING * * *
You feel sick.
Casting: Necrotise (safe; 1% risk of failure)
Confirm with . or Enter, or press ? or * to list all spells.
You don't have enough magic to cast this spell.
* * * LOW HITPOINT WARNING * * *
You feel sick.
You die...

...##
##...#### #
##.## #.# #w#
##'## ##...##
##.....##
##.......##
####..
.##.†..@..[.#
......
...'.........+
####..
#.##.........#
##.......##
##.....##
##...## ##'##
#.# #######.#


You could see a ribbon worm.

Vanquished Creatures
  Jessica (D:2)
  5 dart slugs
  A ribbon worm (D:2)
  3 bats (D:1)
  2 endoplasms
  A giant cockroach (D:2)
  3 hobgoblins (D:2)
  3 jackals (D:1)
  4 ball pythons
  A frilled lizard (D:2)
  4 goblins
  4 rats
32 creatures vanquished.

Vanquished Creatures (collateral kills)
  A jackal (D:1)
1 creature vanquished.

Grand Total: 33 creatures vanquished

Notes
Turn   | Place    | Note
-------+----------+-------------------------------------------
     0 | D:1      | PriceMaster the Demonspawn Necromancer began the quest for
                  | the Orb.
     0 | D:1      | Reached XP level 1. HP: 13/13 MP: 3/3
   142 | D:1      | Gained mutation: You are partially covered in icy blue
                  | scales. (AC +2) [demonic ancestry]
   142 | D:1      | Reached XP level 2. HP: 19/19 MP: 3/5
   357 | D:1      | Reached skill level 5 in Necromancy
  1542 | D:1      | Identified a scroll of acquirement
  1542 | D:1      | Acquired a book of Decay
  1547 | D:1      | Learned a level 2 spell: Cigotuvi's Dreadful Rot
  1571 | D:2      | Noticed Jessica
  1574 | D:2      | Killed Jessica
  1575 | D:2      | Reached XP level 3. HP: 12/24 MP: 0/7
  2063 | D:2      | Learned a level 3 spell: Fugue of the Fallen
  2096 | D:2      | Reached XP level 4. HP: 29/29 MP: 4/8
  2229 | D:2      | Found an opulent altar of Gozag.
  2342 | D:2      | HP: 1/28 [poisoned by you (dark miasma)]
  2344 | D:2      | Succumbed to their own dark miasma

Illustrated notes

Levels and vault maps discovered:
D:1:      dpeg_arrival_castle, layout_rooms, serial_forest,
          infiniplex_forest_corner_1, infiniplex_forest_straight_2,
          infiniplex_forest_lined_2, infiniplex_forest_end_1,
          infiniplex_forest_corner_2, infiniplex_forest_straight_4,
          infiniplex_forest_pool, infiniplex_forest_zigzag_2,
          infiniplex_forest_lined_2
D:2:      layout_loops_corners, basic_altar, minivault_25, minmay_heptomino_o4,
          uniq_jessica, uniq_crazy_yiuf_cottage

Skill      XL: |  1  2  3 |
---------------+----------+-----
Necromancy     | 5 |  5.4
Dodging        | 2 |  2.0
Fighting       | |  0.1
Stealth        | |  1.8
Unarmed Combat | |  0.2
Spellcasting   | |  2.8

Action                     |  1- 3 |  4- 6 || total
---------------------------+-------+-------++-------
  Melee: Unarmed           |    97 |       ||    97
         Dagger            |   405 |       ||   405
         Punch             |     2 |       ||     2
   Cast: Necrotise         |    52 |    10 ||    62
         Cigotuvi's Dreadf |     2 |     1 ||     3
         Fugue of the Fall |     1 |     2 ||     3
    Use: Scroll            |     2 |     2 ||     4
         Potion            |     2 |       ||     2
 Armour: Robe              |    10 |       ||    10
  Dodge: Dodged            |    24 |     2 ||    26

Table legend: (Time is in decaauts)
 A = Elapsed time spent in this place.
 B = Non-inter-level travel time spent in this place.
 C = Inter-level travel time spent in this place.
 D = Time resting spent in this place.
 E = Time spent auto-exploring this place.
 F = Levels seen in this place.
 G = Mean time per level.
                   A        B        C        D        E       F      G
               +--------+--------+--------+--------+--------+-----+--------+
         Total |   2348 |   2254 |     94 |    405 |   1090 |   2 | 1174.0 |
       Dungeon |   2348 |   2254 |     94 |    405 |   1090 |   2 | 1174.0 |
               +--------+--------+--------+--------+--------+-----+--------+

Top non-repeatable levels by time:
     D:1: 1557 daAuts
     D:2: 790 daAuts
